 Dungeon Crawl Stone Soup version 0.13-a0-2301-g23820b6 (webtiles) character file.

10104 Kae the Whirler (level 11, -2/72 HPs)
             Began as a Halfling Hunter on July 8, 2013.
             Was an Elder of Okawaru.
             Slain by Erica
             ... wielding a +4,+0 scimitar of flaming
              (15 damage)
             ... on Level 2 of the Lair of Beasts.
             The game lasted 00:30:18 (12129 turns).

Kae the Whirler (Halfling Hunter)                  Turns: 12129, Time: 00:30:18

HP  -2/72        AC 15     Str  9      XL: 11   Next: 80%
MP  17/22        EV 28     Int 11      God: Okawaru [****..]
Gold 358         SH  0     Dex 21      Spells:  0 memorised, 10 levels left

Res.Fire  : . . .   See Invis. : .   a - +6,+3 sling (flame)
Res.Cold  : . . .   Warding    : .   J - +2 leather armour {rPois}
Life Prot.: . . .   Conserve   : .   (no shield)
Res.Poison: +       Res.Corr.  : .   C - +2 winged helmet
Res.Elec. : .       Clarity    : .   D - +0 cloak
Sust.Abil.: . .     Spirit.Shd : .   (no gloves)
Res.Mut.  : +       Stasis     : .   I - +0 pair of boots (curse)
Res.Rott. : .       Flight     : .   l - cursed amulet of resist mutation
Saprovore : . . .                    u - +3,+5 ring of slaying
                                     o - +4 ring of protection

@: mildly poisoned, very slightly contaminated, hasted and slowed, heroism,
finesse, somewhat resistant to hostile enchantments, very stealthy
A: mutation resistance 1, slow metabolism 1
a: Heroism, Renounce Religion


You were on level 2 of the Lair of Beasts.
You worshipped Okawaru.
Okawaru was extremely pleased with you.
You were not hungry.

You visited 2 branches of the dungeon, and saw 12 of its levels.

You collected 588 gold pieces.
You spent 250 gold pieces at shops.

Inventory:

Hand weapons
 a - a +6,+3 sling of flame (weapon)
 b - a +2,+1 sling
Missiles
 c - 48 sling bullets
 g - 19 stones (quivered)
 j - 15 poisoned sling bullets
 N - 34 sling bullets of flame
 O - 13 exploding sling bullets
 R - 22 silver sling bullets
Armour
 C - a +2 winged helmet (worn)
 D - a +0 cloak (worn)
 I - a cursed +0 pair of boots (worn)
 J - a +2 leather armour of poison resistance (worn)
Magical devices
 d - a wand of disintegration (21)
 y - a wand of enslavement (12) {unknown}
Comestibles
 f - 5 bread rations
 r - 3 meat rations
 t - an apple
Scrolls
 h - a scroll of magic mapping
 m - 2 scrolls of fear
 p - 6 scrolls of remove curse
 E - 2 scrolls of teleportation
 H - a scroll of blinking
 L - a scroll of recharging
Jewellery
 l - a cursed amulet of resist mutation (around neck)
 o - a +4 ring of protection (left hand)
 q - an uncursed ring of sustain abilities
 u - a +3,+5 ring of slaying (right hand)
 v - a cursed ring of invisibility
 x - an uncursed ring of teleport control {unknown}
Potions
 i - a potion of resistance
 k - 3 potions of mutation
 n - a potion of speed
 s - a potion of magic {unknown}
 z - a potion of restore abilities
 B - a potion of invisibility
 F - a potion of agility
 M - a potion of flight {unknown}


   Skills:
 + Level 7.7(12.7) Fighting
 + Level 15.1(20.1) Slings
 + Level 10.2(15.2) Dodging
 - Level 1.3(6.3) Stealth
 + Level 8.8 Invocations


You had 10 spell levels left.
You didn't know any spells.

Dungeon Overview and Level Annotations

Branches:
Dungeon (10/27)            Temple (0/1) D:6             Orc (0/4) D:10
   Lair (2/8) D:9

Altars:
Ashenzari
Fedhas
Kikubaaqudgha
Nemelex Xobeh
Okawaru
Sif Muna
Vehumet
Xom

Shops:
D:6: * D:7: [

Annotations
D:2 exclusions: Ijyb and gnoll
D:6 exclusion: oklob plant
D:8 exclusion: centaur
Lair:2 Erica


Innate Abilities, Weirdness & Mutations

You are small and have problems with some larger weapons.
You are somewhat resistant to further mutation.
You have a slow metabolism.


Message History

Firing (i - inventory. (,) - cycle):
g - 22 stones (quivered)
Press: ? - help, Shift-Dir - straight line, f/p - Erica
Aim: Erica, wielding a scimitar of flaming, wearing a glowing robe and carrying a wand of hasting {zapped: 1} (severely wounded, moving very quickly)
You shoot a stone. Erica misses you.
Unknown command.
Firing (i - inventory. (,) - cycle):
g - 21 stones (quivered)
Press: ? - help, Shift-Dir - straight line, f/p - Erica
Aim: Erica, wielding a scimitar of flaming, wearing a glowing robe and carrying a wand of hasting {zapped: 1} (severely wounded, moving very quickly)
You shoot a stone.
You feel less confused. Erica misses you.
Unknown command.
Firing (i - inventory. (,) - cycle):
g - 20 stones (quivered)
Press: ? - help, Shift-Dir - straight line, f/p - Erica
Aim: Erica, wielding a scimitar of flaming, wearing a glowing robe and carrying a wand of hasting {zapped: 1} (severely wounded, moving very quickly)
You shoot a stone. The stone of flame hits Erica.
Erica resists.
Erica is severely wounded.
Unknown command.
Erica hits you with a scimitar of flaming!
You die...

...?.........>..(#......#
............(......(....##
.......................P.#
.....................(...#
..........(.......[...((.#
................((.......#
<........(......(......###
................@......#
#P#######f.#.##(@.....(#
### ######.#......##
###(.>(..# #..#(.###
#######


You could see Erica.

Vanquished Creatures
  A hydra (Lair:1)
  The ghost of stonewall the Archer, an experienced GrAM of Okawaru (D:8)
  Joseph (D:8)
  A black mamba (Lair:1)
  A spiny frog (Lair:1)
  A troll (D:9)
  The ghost of ilii the Ruffian, an average TrWz (D:4)
  A wyvern (D:9)
  2 hippogriffs
  Grum (D:8)
  6 yaks
  6 wolves
  2 porcupines (Lair:1)
  A swamp drake (D:10)
  2 orc warriors
  3 ogres
  2 phantoms
  3 centaurs
  A sky beast (D:5)
  An ice beast (D:8)
  Sigmund (D:2)
  A big kobold (D:10)
  Duvessa (D:9)
  4 crocodiles (Lair:1)
  A giant slug (Lair:1)
  A water moccasin (Lair:1)
  9 giant frogs
  A gnoll sergeant (D:10)
  2 agate snails
  6 killer bees (D:8)
  2 goliath beetles
  Dowan (D:9)
  9 orc priests
  8 crimson imps
  2 quasits
  2 hounds
  2 giant frog skeletons
  An iguana (D:8)
  7 orc wizards
  3 scorpions
  6 worker ants
  7 sheep (Lair:1)
  Ijyb (D:2)
  A sky beast zombie (D:8)
  An ogre skeleton (D:4)
  3 jellies
  Terence (D:3)
  A mummy (D:9)
  16 adders
  3 giant centipedes
  8 gnolls
  A giant mite (D:3)
  7 worms
  2 scorpion zombies
  An adder zombie (D:5)
  2 giant eyeballs
  6 giant geckos
  48 orcs
  A bat zombie (D:5)
  5 giant cockroaches
  8 goblins
  15 hobgoblins
  19 kobolds
  4 training dummies (D:2)
  A ball python (D:1)
  23 bats
  6 giant newts
  A hobgoblin zombie (D:7)
  14 jackals
  A jackal skeleton (D:6)
  A kobold zombie (D:5)
  4 quokkas
  12 rats
  A fungus (Lair:1)
333 creatures vanquished.

Notes
Turn   | Place    | Note
--------------------------------------------------------------
     0 | D:1      | Kae, the Halfling Hunter, began the quest for the Orb.
     0 | D:1      | Reached XP level 1. HP: 14/14 MP: 0/0
   106 | D:1      | Reached skill level 6 in Slings
   384 | D:1      | Reached XP level 2. HP: 12/19 MP: 1/1
   705 | D:1      | Reached skill level 7 in Slings
   705 | D:1      | Reached XP level 3. HP: 24/24 MP: 2/2
  1102 | D:2      | Noticed Sigmund
  1313 | D:2      | Reached XP level 4. HP: 3/29 MP: 3/3
  1565 | D:2      | Noticed Ijyb
  1757 | D:2      | Reached skill level 8 in Slings
  1821 | D:2      | Killed Sigmund
  1821 | D:2      | Reached skill level 9 in Slings
  1821 | D:2      | Reached XP level 5. HP: 34/34 MP: 4/4
  1918 | D:2      | Found an iron altar of Okawaru.
  1943 | D:2      | Became a worshipper of Warmaster Okawaru
  2142 | D:2      | Killed Ijyb
  2142 | D:2      | Reached XP level 6. HP: 39/39 MP: 5/5
  2536 | D:3      | Reached skill level 10 in Slings
  2788 | D:3      | Acquired Okawaru's first power
  2846 | D:3      | Noticed Terence
  2857 | D:3      | Killed Terence
  3356 | D:4      | Reached skill level 11 in Slings
  3356 | D:4      | Reached XP level 7. HP: 41/44 MP: 6/6
  3360 | D:4      | Noticed ilii's ghost (average TrWz)
  3379 | D:4      | Killed ilii's ghost
  3379 | D:4      | Reached skill level 1 in Fighting
  3379 | D:4      | Reached skill level 1 in Invocations
  3779 | D:4      | Paralysed by a giant eyeball for 2 turns
  3946 | D:5      | Entered Level 5 of the Dungeon
  4040 | D:5      | Reached XP level 8. HP: 51/51 MP: 10/10
  4522 | D:5      | Found a shimmering altar of Xom.
  4732 | D:5      | Reached skill level 5 in Dodging
  5002 | D:6      | Noticed an oklob plant
  5025 | D:6      | Reached skill level 12 in Slings
  5179 | D:6      | Found Ifoinola's Assorted Antiques.
  5222 | D:6      | Found a staircase to the Ecumenical Temple.
  5412 | D:6      | Reached XP level 9. HP: 56/56 MP: 14/14
  5454 | D:6      | Found an ancient bone altar of Kikubaaqudgha.
  6764 | D:7      | Found Baqol's Armour Boutique.
  6770 | D:7      | Bought a +2 leather armour of poison resistance for 250 gold pieces
  7031 | D:8      | Noticed Joseph
  7041 | D:8      | Noticed stonewall's ghost (experienced GrAM)
  7247 | D:8      | Found a blossoming altar of Fedhas.
  7279 | D:8      | Reached skill level 5 in Invocations
  7308 | D:8      | Noticed Grum
  7312 | D:8      | Killed Grum
  7426 | D:8      | Reached skill level 13 in Slings
  7439 | D:8      | Killed Joseph
  7439 | D:8      | Reached skill level 5 in Fighting
  7439 | D:8      | Reached XP level 10. HP: 35/64 MP: 15/18
  7546 | D:8      | Killed stonewall's ghost
  7546 | D:8      | Received a gift from Okawaru
  8006 | D:8      | Received a gift from Okawaru
  8512 | D:9      | Noticed Duvessa
  8517 | D:9      | Killed Duvessa
  8517 | D:9      | Received a gift from Okawaru
  8531 | D:9      | Noticed Dowan
  8541 | D:9      | Killed Dowan
  8543 | D:9      | Found a radiant altar of Vehumet.
  8543 | D:9      | Found a shattered altar of Ashenzari.
  8571 | D:9      | Found a staircase to the Lair.
  8574 | D:9      | Found a deep blue altar of Sif Muna.
  8977 | D:9      | Found a sparkling altar of Nemelex Xobeh.
  9028 | D:9      | Reached skill level 14 in Slings
  9216 | D:10     | Entered Level 10 of the Dungeon
  9450 | D:10     | Reached XP level 11. HP: 71/71 MP: 18/21
  9520 | D:10     | Found a staircase to the Orcish Mines.
 10191 | Lair:1   | Entered Level 1 of the Lair of Beasts
 10497 | Lair:1   | Acquired Okawaru's second power
 10497 | Lair:1   | Received a gift from Okawaru
 10947 | Lair:1   | Noticed a four-headed hydra
 10962 | Lair:1   | Killed a four-headed hydra
 10962 | Lair:1   | Received a gift from Okawaru
 11320 | Lair:2   | Reached skill level 15 in Slings
 11320 | Lair:2   | Reached skill level 10 in Dodging
 12025 | Lair:2   | Noticed Erica
 12129 | Lair:2   | Slain by Erica

Action                   |  1- 3 |  4- 6 |  7- 9 | 10-12 || total
-------------------------+-------+-------+-------+-------++-------
 Fire: Sling             |    85 |   166 |   431 |   532 ||  1214
Throw: Stone             |       |       |       |    48 ||    48
Invok: Heroism           |       |       |     5 |    12 ||    17
       Finesse           |       |       |       |     3 ||     3
Evoke: Wand              |       |       |       |     5 ||     5
  Use: Potion            |       |     1 |       |     8 ||     9
       Scroll            |       |     6 |     5 |    27 ||    38
